 Dungeon Crawl Stone Soup version 0.17.1-1-g73c8601 (webtiles) character file.

142 lucasterio the Cudgeler (level 5, -5/41 HPs)
             Began as a Demonspawn Berserker on Dec 29, 2015.
             Was a Believer of Trog.
             Killed from afar by Sigmund (10 damage)
             ... with a puff of flame
             ... on level 2 of the Dungeon.
             The game lasted 00:07:03 (2331 turns).

lucasterio the Cudgeler (Demonspawn Berserker)      Turns: 2331, Time: 00:07:03

Health: -5/41      AC:  7    Str: 18    XL:     5   Next: 4%
Magic:  5/5        EV: 11    Int:  8    God:    Trog [**....]
Gold:   55         SH:  0    Dex: 13    Spells: 0 memorised, 4 levels left

rFire  . . .     SeeInvis .     f - +0 flail
rCold  . . .     Clarity  .     k - +0 ring mail
rNeg   . . .     SustAt   .     (no shield)
rPois  .         Gourm    .     (helmet restricted)
rElec  .         Spirit   .     (no cloak)
rCorr  .         Warding  .     (no gloves)
rMut   .         Stasis   .     (no boots)
MR     .....                    (no amulet)
Stlth  ..........               (no ring)
                                (no ring)

@: confused, not resistant to hostile enchantments, extremely unstealthy
A: antennae 2, slimy green scales 1, powered by death 1
a: Berserk, Trog's Hand, Burn Spellbooks, Renounce Religion


You were on level 2 of the Dungeon.
You worshipped Trog.
Trog was pleased with you.
You were not hungry.

You visited 1 branch of the dungeon, and saw 2 of its levels.

You collected 55 gold pieces.

Inventory:

Hand Weapons
 f - a +0 flail (weapon)
 l - a +0 hunting sling
Missiles
 m - 92 stones (quivered)
Armour
 a - a +0 plate armour of magic resistance
 k - a +0 ring mail (worn)
Scrolls
 i - a scroll of amnesia {unknown}
 j - a scroll of enchant weapon {unknown}
 n - a scroll of immolation {unknown}
Potions
 d - 2 potions of brilliance {unknown}
Miscellaneous
 e - a plain deck of defence
Comestibles
 b - 4 chunks of flesh
 c - a bread ration
 g - 2 meat rations
 h - a beef jerky


   Skills:
 - Level 3.0 Fighting
 * Level 4.6 Maces & Flails
 + Level 3.0 Armour
 - Level 1.7 Dodging


You had 4 spell levels left.
You didn't know any spells.

Dungeon Overview and Level Annotations

Branches:
Dungeon (2/15)

Altars:
Nemelex Xobeh
The Shining One

Annotations:
D:2 Sigmund


Innate Abilities, Weirdness & Mutations

You have a pair of antennae on your head.
You are partially covered in slimy green scales (AC +2).
You regenerate a little health from kills.


Message History

You are more confused.
Sigmund gestures at you while chanting.
You are more confused.
Sigmund zaps a wand.
You resist with some effort.
Sigmund zaps a wand.
You resist with some effort.
Sigmund mumbles some strange words.
Sigmund flickers and vanishes!
Deactivating autopickup; reactivate with Ctrl-A.
You hear a zap.
You are more confused.
You hear a zap.
You are more confused.
Something hits you.
* * * LOW HITPOINT WARNING * * *
You hear some strange, mumbled words.
Something tries to affect you, but you resist.
You hear some strange, mumbled words.
A puff of flame appears from out of thin air!
The puff of flame hits you!
You die...

?#. ... #.#
###.## ....
#..# .# #..#
.# #.@###.#
#..{.#.#
#.##.#.# # #
#.##.#.#.#
#.#.##@#.#?#
#.........$#
####.......+
##...####
##.##


There were no monsters in sight!

Vanquished Creatures
  8 gnolls
  An adder (D:2)
  2 worms (D:2)
  2 giant geckos (D:1)
  A ball python (D:2)
  5 goblins
  9 hobgoblins
  7 jackals
  2 kobolds
  A quokka (D:2)
  4 bats (D:1)
  A giant cockroach (D:2)
  2 giant newts (D:1)
  4 rats
49 creatures vanquished.

Notes
Turn   | Place    | Note
--------------------------------------------------------------
     0 | D:1      | lucasterio the Demonspawn Berserker began the quest for the Orb.
     0 | D:1      | Reached XP level 1. HP: 18/18 MP: 1/1
   206 | D:1      | Gained mutation: You have a pair of small antennae on your head. [demonic ancestry]
   206 | D:1      | Reached XP level 2. HP: 8/24 MP: 2/2
   826 | D:1      | Reached ** piety under Trog
   944 | D:1      | Gained mutation: You are partially covered in slimy green scales (AC +2). [demonic ancestry]
   944 | D:1      | Reached XP level 3. HP: 10/29 MP: 3/3
  1753 | D:2      | Found a sparkling altar of Nemelex Xobeh.
  1797 | D:2      | Found a glowing golden altar of the Shining One.
  1812 | D:2      | Reached skill level 4 in Maces & Flails
  1812 | D:2      | Gained mutation: You regenerate a little health from kills. [demonic ancestry]
  1812 | D:2      | Reached XP level 4. HP: 35/35 MP: 4/4
  1950 | D:2      | Gained mutation: You have a pair of antennae on your head. [demonic ancestry]
  1950 | D:2      | Reached XP level 5. HP: 21/41 MP: 5/5
  2281 | D:2      | Noticed Sigmund
  2331 | D:2      | Killed from afar by Sigmund

Action                   |  1- 3 |  4- 6 || total
-------------------------+-------+-------++-------
Melee: Mace              |   113 |     7 ||   120
       Flail             |       |    46 ||    46
Invok: Berserk           |     5 |       ||     5
  Use: Scroll            |     3 |       ||     3
 Stab: Sleeping          |     1 |       ||     1
  Eat: Chunk             |     7 |     3 ||    10
